 Dungeon Crawl Stone Soup version 0.27-a0-1529-g1e82c303ef (webtiles) character file.

Game seed: 8413312029978887419

819 garrulousMonolith the Magician (level 7, 0/51 HPs)
             Began as a Gnoll Hedge Wizard on July 12, 2021.
             Succumbed to Duvessa's poison
             ... on level 4 of the Dungeon.
             The game lasted 00:10:19 (5329 turns).

garrulousMonolith the Magician (Gnoll Hedge Wizard) Turns: 5329, Time: 00:10:19

Health: 0/51       AC:  4    Str: 10    XL:     7   Next: 95%
Magic:  4/18       EV: 13    Int: 14    God:
Gold:   249        SH:  4    Dex: 12    Spells: 13/21 levels left

rFire    . . .     SeeInvis .   d - +2 dagger (venom)
rCold    . . .     Faith    .   b - +0 buckler
rNeg     . . .     Spirit   .   e - +0 leather armour
rPois    +         Reflect  .   c - +0 hat
rElec    .         Harm     .   q - +0 cloak
rCorr    .         Rampage  .   (no gloves)
Will     .....                  (no boots)
Stlth    +++.......             (no amulet)
HPRegen  0.17/turn              l - ring of poison resistance
MPRegen  0.16/turn              o - ring of wizardry

@: lethally poisoned (0 -> -17)
A: fangs 1, strong nose, distributed training
a: no special abilities


You were on level 4 of the Dungeon.
You visited 1 branch of the dungeon, and saw 6 of its levels.

You collected 249 gold pieces.

Inventory:

Hand Weapons
 d - a +2 dagger of venom (weapon)
 g - a +1 whip of electrocution
 u - a +0 trident
Missiles
 a - 16 poisoned darts
Armour
 b - a +0 buckler (worn)
 c - a +0 hat (worn)
 e - a +0 leather armour (worn)
 q - a +0 cloak (worn)
Jewellery
 l - a ring of poison resistance (left hand)
 o - a ring of wizardry (right hand)
 t - a ring of willpower
 v - a ring of ice
 w - a ring of wizardry
 x - an amulet of magic regeneration
 y - a +4 ring of slaying
Scrolls
 j - 2 scrolls of teleportation
 k - a scroll of fog
 s - 3 scrolls of fear {unknown}
Potions
 f - a potion of brilliance
 h - a potion of mutation {unknown}
 i - 2 potions of attraction
 m - 2 potions of heal wounds
 n - a potion of flight {unknown}
 p - a potion of lignification {unknown}
 r - 3 potions of might
 z - 2 potions of ambrosia {unknown}
 A - a potion of resistance {unknown}


   Skills:
 + Level 2.8 Fighting
 + Level 2.8 Short Blades
 + Level 2.8 Long Blades
 + Level 2.8 Axes
 + Level 2.8 Maces & Flails
 + Level 2.8 Polearms
 + Level 2.8 Staves
 + Level 2.8 Slings
 + Level 2.8 Bows
 + Level 2.8 Crossbows
 + Level 2.8 Throwing
 + Level 2.8 Armour
 + Level 5.4 Dodging
 + Level 5.1 Stealth
 + Level 2.8 Shields
 + Level 2.8 Unarmed Combat
 + Level 7.7 Spellcasting
 + Level 3.1 Conjurations
 + Level 2.2 Hexes
 + Level 3.1 Summonings
 + Level 2.2 Necromancy
 + Level 3.1 Translocations
 + Level 2.2 Transmutations
 + Level 2.2 Fire Magic
 + Level 2.2 Ice Magic
 + Level 2.2 Air Magic
 + Level 2.2 Earth Magic
 + Level 2.2 Poison Magic
 + Level 3.1 Invocations
 + Level 2.8 Evocations


You had 13 spell levels left.
You knew the following spells:

 Your Spells              Type           Power      Damage    Failure   Level
a - Magic Dart            Conj           56%        1d5       2%          1
b - Call Imp              Summ           14%        N/A       3%          2
c - Blink                 Tloc           N/A        N/A       3%          2
d - Mephitic Cloud        Conj/Pois/Air  12%        N/A       9%          3

Your spell library contained the following spells:

 Spells                   Type           Power      Damage    Failure   Level
 Freeze                   Ice            44%        1d6       3%          1
 Slow                     Hex            11%        N/A       4%          2
 Conjure Flame            Conj/Fire      13%        6-21      9%          3
 Alistair's Intoxication  Tmut/Pois      7%         N/A       63%         5
 Borgnjor's Vile Clutch   Necr/Erth      5%         N/A       63%         5
 Eringya's Noxious Bog    Tmut/Pois      5%         N/A       99%         6


Dungeon Overview and Level Annotations

Branches:
Dungeon (6/15)
 Temple: D:4-7

Altars:
Ru
Trog
Vehumet

Annotations:
D:4 Duvessa


Innate Abilities, Weirdness & Mutations

You have very sharp teeth.
Your uncanny sense of smell can sniff out nearby items.
Your experience applies equally to all skills.


Message History

You hit Dowan.
Dowan is poisoned.
Dowan is severely wounded.
Dowan smirks and points a slender finger.
Dowan points at you and mumbles some strange words.
The puff of frost hits you!
You closely miss Dowan. You bite Dowan.
Dowan is almost dead.
Dowan barely misses you.
Casting: Magic Dart (safe; 2% risk of failure)
Confirm with . or Enter, or press ? or * to list all spells.
Aiming: Magic Dart (safe; 2% risk of failure)
Press: ? - help, Shift-Dir - straight line, f/p - Duvessa
Aim: Duvessa, wielding a +3 short sword of venom, wearing a +0 leather armour and carrying a wand of flame (8) (severely wounded, fast, confused, poisoned, 100% to hit)
The magic dart hits Dowan.
Dowan is almost dead.
You kill Dowan!
Duvessa screams in rage.
Duvessa goes berserk!
Duvessa rages.
Casting: Magic Dart (safe; 2% risk of failure)
Confirm with . or Enter, or press ? or * to list all spells.
Aiming: Magic Dart (safe; 2% risk of failure)
Press: ? - help, Shift-Dir - straight line, f/p - Duvessa
Aim: Duvessa, wielding a +3 short sword of venom, wearing a +0 leather armour and carrying a wand of flame (8) (severely wounded, berserk, fast, confused, poisoned, 100% to hit)
The magic dart hits Duvessa.
Duvessa is severely wounded.
Duvessa hits you with a +3 short sword of venom!
* * * LOW HITPOINT WARNING * * *
Casting: Magic Dart (safe; 2% risk of failure)
Confirm with . or Enter, or press ? or * to list all spells.
You blink.
Duvessa hits you with a +3 short sword of venom!
* * * LOW HITPOINT WARNING * * *
You are lethally poisoned!
Duvessa rages.
Unknown command.
Casting: Blink (safe; 3% risk of failure)
Confirm with . or Enter, or press ? or * to list all spells.
A beastly little devil appears in a puff of frigid air.
You die...

##....## #.# #.#### #.#
#.# #.## #+## #..#
##...## ##.# #.....## #
#.# <......## ##. #e#
........####..5##)###.##
........+.......@.......
........####...##.###.##
.......# ##. #.#
#.....## # #.# #†....#
#.# #...#..# ..#
#...#...# ## ..#.# ..
...## .


You could see Duvessa (berserk, fast, confused, poisoned, ally target) and a
friendly white imp (summoned).

Vanquished Creatures
  A wyvern (D:5)
  A phantom (D:6)
  Dowan (D:4)
  A howler monkey (D:3)
  A bullfrog skeleton (D:3)
  2 orc priests
  Crazy Yiuf (D:3)
  An orc wizard (D:3)
  4 gnolls (D:3)
  5 adders
  An adder skeleton (D:4)
  2 worms (D:2)
  A dart slug (D:3)
  8 orcs
  2 endoplasms
  7 giant cockroaches
  10 hobgoblins
  11 jackals
  3 quokkas (D:3)
  5 ball pythons
  9 bats
  4 frilled lizards
  7 goblins
  3 kobolds
  6 rats
97 creatures vanquished.

Vanquished Creatures (collateral kills)
  Prince Ribbit (D:6)
  A howler monkey (D:6)
  A hound (D:3)
  An iguana (D:5)
  An adder (D:5)
  An orc (D:6)
  A ball python (D:3)
  A bat (D:3)
  A goblin (D:3)
  A hobgoblin (D:3)
  A quokka (D:3)
  A rat (D:3)
12 creatures vanquished.

Vanquished Creatures (others)
  2 fungi (D:3)
  A plant (D:3)
3 creatures vanquished.

Grand Total: 112 creatures vanquished

Notes
Turn   | Place    | Note
-------+----------+-------------------------------------------
     0 | D:1      | garrulousMonolith the Gnoll Hedge Wizard began the quest
                  | for the Orb.
     0 | D:1      | Reached XP level 1. HP: 13/13 MP: 8/8
   129 | D:1      | Reached XP level 2. HP: 19/19 MP: 5/10
   145 | D:1      | Learned a level 2 spell: Call Imp
   148 | D:1      | Learned a level 2 spell: Blink
   682 | D:1      | Reached XP level 3. HP: 18/25 MP: 5/11
   686 | D:1      | Learned a level 3 spell: Mephitic Cloud
  1241 | D:1      | Reached skill level 1 in Invocations
  1466 | D:2      | Reached skill level 1 in Fighting
  1466 | D:2      | Reached skill level 1 in Short Blades
  1466 | D:2      | Reached skill level 1 in Long Blades
  1466 | D:2      | Reached skill level 1 in Axes
  1466 | D:2      | Reached skill level 1 in Maces & Flails
  1466 | D:2      | Reached skill level 1 in Polearms
  1466 | D:2      | Reached skill level 1 in Staves
  1466 | D:2      | Reached skill level 1 in Slings
  1466 | D:2      | Reached skill level 1 in Bows
  1466 | D:2      | Reached skill level 1 in Crossbows
  1466 | D:2      | Reached skill level 1 in Throwing
  1466 | D:2      | Reached skill level 1 in Armour
  1466 | D:2      | Reached skill level 1 in Shields
  1466 | D:2      | Reached skill level 1 in Unarmed Combat
  1466 | D:2      | Reached skill level 1 in Evocations
  1466 | D:2      | Reached XP level 4. HP: 24/32 MP: 5/13
  2305 | D:2      | Reached skill level 1 in Hexes
  2305 | D:2      | Reached skill level 1 in Necromancy
  2305 | D:2      | Reached skill level 1 in Transmutations
  2305 | D:2      | Reached skill level 1 in Fire Magic
  2305 | D:2      | Reached skill level 1 in Ice Magic
  2305 | D:2      | Reached skill level 1 in Air Magic
  2305 | D:2      | Reached skill level 1 in Earth Magic
  2305 | D:2      | Reached skill level 1 in Poison Magic
  2861 | D:3      | Found a radiant altar of Vehumet.
  2908 | D:3      | Found a runed translucent door.
  2909 | D:3      | Noticed Crazy Yiuf
  3071 | D:3      | Reached XP level 5. HP: 37/37 MP: 8/14
  3254 | D:3      | You fall into a shaft and drop 3 floors!
  3510 | D:6      | Noticed Prince Ribbit
  3516 | D:6      | Noticed a phantom
  3518 | D:6      | Killed Prince Ribbit
  3519 | D:6      | Reached skill level 5 in Dodging
  3519 | D:6      | Reached XP level 6. HP: 26/44 MP: 9/16
  3657 | D:6      | Found a bloodstained altar of Trog.
  3746 | D:5      | Entered Level 5 of the Dungeon
  3769 | D:5      | Found a sacrificial altar of Ru.
  3783 | D:5      | Noticed a wyvern
  3796 | D:5      | Killed a wyvern
  3797 | D:5      | Reached XP level 7. HP: 51/51 MP: 5/18
  4340 | D:3      | Found a faded altar of an unknown god.
  4343 | D:3      | Got Plato's Collected Works on Cold
  4468 | D:3      | Reached skill level 5 in Stealth
  5050 | D:3      | Killed Crazy Yiuf
  5309 | D:4      | Noticed Duvessa
  5315 | D:4      | Noticed Dowan
  5326 | D:4      | Killed Dowan
  5329 | D:4      | Succumbed to Duvessa's poison

Illustrated notes

Levels and vault maps discovered:
D:1:      dpeg_arrival_subterranean_lakeside_camping, layout_basic
D:2:      minmay_inner_zag, layout_loops_ring, hangedman_decor_push,
          small_statue_intersection
D:3:      layout_loops_ring, mainiacjoe_overflow_tiny_flanked,
          gup_sewer_entry_pipe, shapermc_ecumenical_altar_rom_forum,
          minmay_diced_spiral, uniq_crazy_yiuf_cottage
D:4:      layout_loops_corners, minmay_temple_entry_arrows, roderic_batcave,
          uniq_duvessa
D:5:      layout_cave_pools, old_standard_altar
D:6:      layout_basic, lemuel_crystal_altar, uniq_prince_ribbit1, uniq_grinder

Skill      XL: |  1  2  3  4  5  6  7 |
---------------+----------------------+-----
Conjurations   | 2 3 |  3.1
Summonings     | 2 3 |  3.1
Translocations | 2 3 |  3.1
Invocations    | 1 2 3 |  3.1
Fighting       | 1 2 |  2.8
Short Blades   | 1 2 |  2.8
Long Blades    | 1 2 |  2.8
Axes           | 1 2 |  2.8
Maces & Flails | 1 2 |  2.8
Polearms       | 1 2 |  2.8
Staves         | 1 2 |  2.8
Slings         | 1 2 |  2.8
Bows           | 1 2 |  2.8
Crossbows      | 1 2 |  2.8
Throwing       | 1 2 |  2.8
Armour         | 1 2 |  2.8
Shields        | 1 2 |  2.8
Unarmed Combat | 1 2 |  2.8
Evocations     | 1 2 |  2.8
Hexes          | 1 2 |  2.2
Necromancy     | 1 2 |  2.2
Transmutations | 1 2 |  2.2
Fire Magic     | 1 2 |  2.2
Ice Magic      | 1 2 |  2.2
Air Magic      | 1 2 |  2.2
Earth Magic    | 1 2 |  2.2
Poison Magic   | 1 2 |  2.2
Dodging        | 5 |  5.4
Stealth        | 5 |  5.1
Spellcasting   | |  7.7

Action                   |  1- 3 |  4- 6 |  7- 9 || total
-------------------------+-------+-------+-------++-------
Melee: Dagger            |    33 |    53 |    37 ||   123
       Bite              |     2 |     2 |     2 ||     6
 Cast: Magic Dart        |    70 |    63 |    74 ||   207
       Blink             |       |     5 |     1 ||     6
       Call Imp          |       |     8 |     3 ||    11
       Mephitic Cloud    |       |     2 |     5 ||     7
  Use: Scroll            |       |     5 |       ||     5
       Potion            |       |     1 |     3 ||     4
 Stab: Sleeping          |       |     3 |       ||     3
       Confused          |       |     2 |     2 ||     4
Armor: Leather armour    |     7 |    19 |     6 ||    32
Dodge: Dodged            |    36 |    41 |    25 ||   102
Block: Buckler           |       |    17 |     6 ||    23

Table legend: (Time is in decaauts)
 A = Elapsed time spent in this place.
 B = Non-inter-level travel time spent in this place.
 C = Inter-level travel time spent in this place.
 D = Time resting spent in this place.
 E = Time spent auto-exploring this place.
 F = Levels seen in this place.
 G = Mean time per level.
                   A        B        C        D        E       F      G
               +--------+--------+--------+--------+--------+-----+--------+
         Total |   5336 |   5198 |    138 |    328 |   4002 |   6 |  889.3 |
       Dungeon |   5336 |   5198 |    138 |    328 |   4002 |   6 |  889.3 |
               +--------+--------+--------+--------+--------+-----+--------+

Top non-repeatable levels by time:
     D:2: 1462 daAuts
     D:1: 1419 daAuts
     D:3: 1363 daAuts
     D:4: 518 daAuts
     D:6: 491 daAuts
     D:5: 80 daAuts
